 Dungeon Crawl Stone Soup version 0.19-a0-1008-g4c63d25 (webtiles) character file.

923 FrankyJ the Ducker (level 7, 0/36 HPs)
             Began as a Deep Elf Conjurer on July 21, 2016.
             Was an Initiate of Sif Muna.
             Slain by an ufetubus (3 damage)
             ... summoned by Eustachio
             ... on level 6 of the Dungeon.
             The game lasted 00:27:22 (6662 turns).

FrankyJ the Ducker (Deep Elf Conjurer)              Turns: 6662, Time: 00:27:22

Health: 0/36       AC:  4    Str:  7    XL:     7   Next: 84%
Magic:  3/19       EV: 17    Int: 21    God:    Sif Muna [......]
Gold:   433        SH:  0    Dex: 15    Spells: 3 memorised, 12 levels left

rFire  . . .     SeeInvis .     e - +1 short sword
rCold  . . .     Gourm    .     a - +0 robe
rNeg   . . .     Faith    .     (no shield)
rPois  .         Spirit   .     (no helmet)
rElec  .         Dismiss  .     (no cloak)
rCorr  .         Reflect  .     i - +0 pair of gloves (curse)
SustAt .         Harm     .     u - +0 pair of boots
MR     +....                    (no amulet)
Stlth  ++........               w - +3 ring of intelligence
                                g - ring "Jicaano" {*Drain +Blink MR+ Int-2 Slay+5} (curse)

@: somewhat resistant to hostile enchantments, unstealthy
A: no striking features
a: Renounce Religion, Evoke Blink


You were on level 6 of the Dungeon.
You worshipped Sif Muna.
Sif Muna was noncommittal.
You were hungry.

You visited 2 branches of the dungeon, and saw 7 of its levels.

You collected 433 gold pieces.

Inventory:

Hand Weapons
 e - a +1 short sword (weapon)
Missiles
 x - 6 javelins (quivered)
Armour
 a - a +0 robe (worn)
 i - a cursed +0 pair of gloves (worn)
 u - a +0 pair of boots (worn)
Jewellery
 g - the cursed ring "Jicaano" (left hand) {*Drain +Blink MR+ Int-2 Slay+5}
   (You found it on level 5 of the Dungeon)

   [ring of intelligence]

   It affects your intelligence (-2).
   It affects your accuracy and damage with ranged weapons and melee attacks
   (+5).
   It affects your resistance to hostile enchantments.
   It lets you blink.
   It causes draining when unequipped.
   It has a curse placed upon it.
 k - a +2 ring of strength
 w - a +3 ring of intelligence (right hand)
 B - an uncursed ring of magical power {unknown}
Scrolls
 h - a scroll of fog {unknown}
 l - 3 scrolls of identify
 o - a scroll of teleportation
 y - a scroll of magic mapping
Potions
 d - a potion of resistance {unknown}
 f - 3 potions of agility
 j - 3 potions of curing
 n - a potion of invisibility {unknown}
 p - 2 potions of lignification {unknown}
 r - a potion of mutation {unknown}
 s - a potion of magic {unknown}
 A - 2 potions of cure mutation {unknown}
Books
 b - a book of Conjurations

   Spells                             Type                      Level
   a - Magic Dart                     Conjuration                  1
   b - Searing Ray                    Conjuration                  2
   c - Dazzling Spray                 Conjuration/Hexes            3
   d - Fulminant Prism                Conjuration/Hexes            4
   e - Iskenderun's Mystic Blast      Conjuration                  4
   f - Iskenderun's Battlesphere      Conjuration/Charms           5
 t - a book of Changes

   Spells                             Type                      Level
   a - Beastly Appendage              Transmutation                1
   b - Sticks to Snakes               Transmutation                2
   c - Spider Form                    Transmutation/Poison         3
   d - Ice Form                       Ice/Transmutation            4
   e - Blade Hands                    Transmutation                5
Comestibles
 c - 4 bread rations
 m - 2 meat rations
 q - 3 beef jerkies
 z - a slice of pizza


   Skills:
 - Level 3.4 Short Blades
 + Level 7.1 Dodging
 - Level 2.4 Stealth
 + Level 6.6 Spellcasting
 + Level 6.0 Conjurations


You had 12 spell levels left.
You knew the following spells:

 Your Spells              Type           Power        Failure   Level  Hunger
a - Magic Dart            Conj           ####         1%          1    None
b - Searing Ray           Conj           ####..       1%          2    None
c - Fulminant Prism       Conj/Hex       ###.......   28%         4    ###....


Dungeon Overview and Level Annotations

Branches:
Dungeon (6/15)             Temple (1/1) D:5

Altars:
Cheibriados
Dithmenos
Fedhas
Gozag
Kikubaaqudgha
Makhleb
Nemelex Xobeh
Pakellas
Qazlal
Ru
Sif Muna
Xom
Yredelemnul

Shops:
D:4 (*

Annotations:
D:3 exclusion: downstairs
D:4 Edmund
D:6 Eustachio; Implojin's ghost, novice MiFi


Message History

The crimson imp blinks!
The ufetubus completely misses you.
The ufetubus hits you but does no damage. x2
The ufetubus misses you.
Casting: Searing Ray
Confirm with . or Enter, or press ? or * to list all spells.
Aiming: Magic Dart
Press: ? - help, Shift-Dir - straight line, f - Eustachio
Aim: Eustachio, wielding a falchion and wearing a runed leather armour (almost dead)
Okay, then.
The ufetubus misses you. x2
The white imp gestures at you. The puff of frost hits you!
* * * LOW HITPOINT WARNING * * *
The white imp hits you.
* * * LOW HITPOINT WARNING * * *
The white imp freezes you.
* * * LOW HITPOINT WARNING * * *
The ufetubus hits you.
You die...

...._.... #....@# #.....#
#.# #b# ###r####
#.###......# ....5..5@.#
####...5@.# ########
#......# #......# #......#
#......# #......# #......#
#..(...# #.....)#
#......## ####......#
#.......# #.##......#
########'###.###.##......#
#........# #.............#


You could see Eustachio, a crimson imp, a white imp, an ufetubus, a quokka and a
bat.

Vanquished Creatures
  Grinder (D:4)
  A water moccasin (D:5)
  2 ogres
  A howler monkey (D:5)
  A crimson imp (D:5)
  2 hounds
  An iguana (D:6)
  3 worker ants
  4 gnolls (D:3)
  6 adders
  An adder zombie (D:5)
  3 adder skeletons
  2 worms
  5 dart slugs
  4 giant geckos
  2 orcs (D:3)
  4 ball pythons
  7 giant cockroaches
  10 goblins
  7 hobgoblins
  15 jackals
  4 quokkas
  5 bats
  5 giant newts
  10 kobolds
  10 rats
  A fungus (D:2)
117 creatures vanquished.

Vanquished Creatures (others)
  3 fulminant prisms (D:6)
3 creatures vanquished.

Grand Total: 120 creatures vanquished

Notes
Turn   | Place    | Note
-------+----------+-------------------------------------------
     0 | D:1      | FrankyJ the Deep Elf Conjurer began the quest for the Orb.
     0 | D:1      | Reached XP level 1. HP: 10/10 MP: 6/6
   352 | D:1      | Reached skill level 3 in Dodging
   352 | D:1      | Reached XP level 2. HP: 3/15 MP: 4/8
   943 | D:1      | Found a sparkling altar of Nemelex Xobeh.
  1041 | D:1      | Reached XP level 3. HP: 19/19 MP: 8/10
  1143 | D:1      | Learned a level 2 spell: Searing Ray
  1769 | D:2      | Reached skill level 4 in Dodging
  1941 | D:2      | Reached XP level 4. HP: 24/24 MP: 8/12
  3068 | D:3      | Reached skill level 1 in Short Blades
  3198 | D:3      | Reached skill level 5 in Spellcasting
  3222 | D:3      | Reached XP level 5. HP: 28/28 MP: 10/14
  3372 | D:3      | Found a shadowy altar of Dithmenos.
  3941 | D:3      | Reached skill level 5 in Dodging
  4517 | D:4      | Found Sehir's Weapon Boutique.
  4539 | D:4      | Found an ancient bone altar of Kikubaaqudgha.
  4690 | D:4      | Found an opulent altar of Gozag.
  4691 | D:4      | Found Gozag's Platinum Reserve.
  4729 | D:4      | Noticed Edmund
  4736 | D:4      | Learned a level 4 spell: Fulminant Prism
  4857 | D:4      | Noticed Grinder
  4870 | D:4      | Killed Grinder
  4870 | D:4      | Reached skill level 6 in Dodging
  4870 | D:4      | Reached skill level 5 in Conjurations
  4870 | D:4      | Reached XP level 6. HP: 18/32 MP: 3/16
  5217 | D:5      | Entered Level 5 of the Dungeon
  5262 | D:5      | Noticed a water moccasin
  5375 | D:5      | Got a brightly glowing turquoise ring
  5377 | D:5      | Identified the cursed ring "Jicaano" {*Drain +Blink MR+ Int-2 Slay+5} (You found it on level 5 of the Dungeon)
  5553 | D:5      | Killed a water moccasin
  5553 | D:5      | Reached XP level 7. HP: 36/36 MP: 10/17
  5921 | D:5      | Found a staircase to the Ecumenical Temple.
  5932 | Temple   | Entered the Ecumenical Temple
  5980 | Temple   | Became a worshipper of Sif Muna the Loreminder
  6361 | D:6      | Noticed Implojin's ghost (novice MiFi)
  6371 | D:6      | Reached skill level 7 in Dodging
  6635 | D:6      | Found a sparkling altar of Nemelex Xobeh.
  6636 | D:6      | Noticed Eustachio
  6662 | D:6      | Slain by an ufetubus

Vault maps used:
D:1:      dpeg_cavernosity, nemelex_diamond_rough_becter
D:2:      first_bread, grunt_ministairs_15, minmay_misc_feat_hallway,
          minmay_crystal_room, minmay_gold_behind_fungi
D:3:      nicolae_dithmenos_shadow_blocks, kennysheep_potato
D:4:      kennysheep_little_box, kiku_gazebo_garden_becter, serial_shops, shop,
          nicolae_gozag_zags_fifth_avenue, uniq_edmund, uniq_grinder,
          uniq_blork_the_orc
D:6:      nicolae_overflow_crystal_walls, evilmike_ruin_ashenzari, uniq_pikel,
          uniq_eustachio, uniq_sigmund
Temple:   eino_wide_crystal_templ

Skill      XL: |  1  2  3  4  5  6  7 |
---------------+----------------------+-----
Dodging        | 3 4 6 7 |  7.1
Spellcasting   | 4 5 6 |  6.6
Short Blades   | 1 2 3 |  3.4
Conjurations   | 5 6 |  6.0
Stealth        | |  2.4

Action                   |  1- 3 |  4- 6 |  7- 9 || total
-------------------------+-------+-------+-------++-------
Melee: Unarmed           |     3 |       |       ||     3
       Short sword       |     3 |    17 |       ||    20
 Cast: Magic Dart        |    70 |    38 |    11 ||   119
       Searing Ray       |    12 |    39 |    14 ||    65
       Fulminant Prism   |       |       |     3 ||     3
  Use: Scroll            |       |     4 |     1 ||     5
       Potion            |       |       |     1 ||     1
  Eat: Chunk             |     3 |    10 |     4 ||    17
Armor: Robe              |    10 |     8 |    10 ||    28
Dodge: Dodged            |    40 |    29 |    36 ||   105
